 Dungeon Crawl Stone Soup version 0.21-a0-349-g0c35859 (webtiles) character file.

4354 vishdafish the Soothsayer (level 10, -4/73 HPs)
             Began as a Demonspawn Fighter on Oct 7, 2017.
             Was a Priest of Nemelex Xobeh.
             Killed from afar by a smoke demon (8 damage)
             ... with a sticky flame
             ... summoned by the player character
             ... on level 9 of the Dungeon.
             The game lasted 00:15:33 (8713 turns).

vishdafish the Soothsayer (Demonspawn Fighter)      Turns: 8713, Time: 00:15:34

Health: -4/73      AC:  8    Str: 16    XL:     10   Next: 12%
Magic:  17/17      EV: 11    Int: 12    God:    Nemelex Xobeh [***...]
Gold:   350        SH: 14    Dex: 14    Spells: 9/9 levels left

rFire    . . .     SeeInvis .   a - +0 long sword
rCold    . . .     Gourm    .   c - +1 shield
rNeg     . . .     Faith    .   b - +0 scale mail
rPois    .         Spirit   .   (helmet unavailable)
rElec    .         Reflect  .   (no cloak)
rCorr    +         Harm     .   (no gloves)
MR       .....                  s - +0 pair of boots
Stlth    ..........             (no amulet)
HPRegen  0.22/turn              F - ring of resist corrosion
MPRegen  0.15/turn              (no ring)

@: liquid flames, glowing
A: horns 3, large bone plates 1, demonic guardian 2
a: Triple Draw, Renounce Religion


You were on level 9 of the Dungeon.
You worshipped Nemelex Xobeh.
Nemelex Xobeh was most pleased with you.
You were hungry.

You visited 1 branch of the dungeon, and saw 9 of its levels.

You collected 398 gold pieces.
You spent 48 gold pieces at shops.

Inventory:

Hand Weapons
 a - a +0 long sword (weapon)
Armour
 b - a +0 scale mail (worn)
 c - a +1 shield (worn)
 s - a +0 pair of boots (worn)
Jewellery
 E - an uncursed ring of ice
 F - a ring of resist corrosion (left hand)
Wands
 v - a wand of random effects (5/48)
 x - a wand of confusion (19/48)
 y - a wand of flame (30/48)
 B - a wand of flame (28/48)
Scrolls
 h - a scroll of fear {unknown}
 j - 2 scrolls of amnesia
 n - a scroll of enchant armour
 o - 3 scrolls of recharging
 p - 3 scrolls of noise
 q - 3 scrolls of blinking
 w - 8 scrolls of teleportation
 z - a scroll of magic mapping {unknown}
 H - a scroll of identify
Potions
 e - a potion of flight
 g - a potion of curing
 m - 4 potions of haste
 r - 3 potions of invisibility
 t - 4 potions of cancellation
 C - a potion of berserk rage
 D - 2 potions of lignification
 I - a potion of might
Books
 A - a book of Fire

   Spells                             Type                      Level
   a - Ignite Poison                  Fire/Transmutation/Poison    3
   b - Fireball                       Conjuration/Fire             5
   c - Bolt of Fire                   Conjuration/Fire             6
   d - Ring of Flames                 Charms/Fire                  7
   e - Ignition                       Fire                         8
Miscellaneous
 d - a plain deck of destruction {drawn: 8}
 i - a plain deck of summoning
 u - a plain deck of summoning {drawn: 3}
 J - a plain deck of destruction
Comestibles
 f - 8 bread rations
 k - 5 fruits
 l - 6 meat rations
 G - 4 royal jellies


   Skills:
 - Level 4.6 Fighting
 * Level 7.4 Long Blades
 + Level 4.8 Armour
 * Level 6.3 Dodging
 + Level 4.8 Shields
 * Level 9.6 Invocations


You had 9 spell levels left.
You didn't know any spells.

Dungeon Overview and Level Annotations

Branches:
Dungeon (9/15)             Temple (0/1) D:5
   Lair: D:8-11         Orc: D:9-12

Altars:
Nemelex Xobeh
Uskayaw

Shops:
D:7 }   D:8 [[!=


Innate Abilities, Weirdness & Mutations

You have a pair of large horns on your head.
You are partially covered in large bone plates. (SH +4)
A demonic guardian rushes to your aid.


Message History

The vampire mosquito bites you.
* * * LOW HITPOINT WARNING * * *
The vampire mosquito draws strength from your injuries!
Your smoke demon barely misses the vampire mosquito.
Your smoke demon hits the vampire mosquito.
Your smoke demon completely misses the vampire mosquito.
You block the vampire mosquito's attack. x2
Your smoke demon gestures at the vampire mosquito.
The vampire mosquito is smitten.
You block the vampire mosquito's attack. x2
You block the vampire mosquito's attack.
The vampire mosquito bites you.
* * * LOW HITPOINT WARNING * * *
The vampire mosquito draws strength from your injuries!
Your smoke demon gestures at the vampire mosquito.
The sticky flame misses the vampire mosquito.
The sticky flame hits you!
You are covered in liquid flames!
You die...
Your body disappears without additional glow.

.....#......# .....#......#
+............ .....#......#
#............
.....#......##+##............
.....##+###..................
..........#..................
..>..##.<.'..................
.....##...#...........†......
.....+....#.....@y.†3.#
.....#....#......y....#
.....#....#...........#
.....##...#...........#
.....##...###'###.....#
...........#....#.....#
...........#....#.....#
...........#....#.....#
...........#....#.....#


You could see 2 vampire mosquitoes and a friendly smoke demon.

Vanquished Creatures
  The ghost of easystreet the Ducker, a novice DsMo (D:4)
  A hippogriff (D:8)
  A hog (D:8)
  A human (D:8)
  2 vampire mosquitoes (D:9)
  Menkaure (D:4)
  Duvessa (D:6)
  A necrophage (D:9)
  3 ice beasts
  A black bear (D:6)
  3 ogres
  4 centaurs
  3 bullfrogs
  2 scorpions
  5 killer bees (D:8)
  2 howler monkeys (D:9)
  3 crimson imps
  2 quasits
  An orc priest (D:9)
  3 jellies
  4 hounds
  5 orc wizards
  4 bullfrog skeletons
  Natasha (twice) (D:4)
  3 iguanas
  Ijyb (D:4)
  10 worker ants
  4 hound skeletons
  A howler monkey skeleton (D:7)
  7 adders
  3 shadow imps
  An ooze (D:6)
  A worm (D:2)
  6 leopard geckos
  20 orcs
  9 bats
  4 giant cockroaches
  10 hobgoblins
  5 jackals
  3 quokkas
  4 ball pythons
  6 frilled lizards
  6 goblins
  A jackal zombie (D:5)
  5 kobolds
  4 rats
170 creatures vanquished.

Vanquished Creatures (collateral kills)
  A hippogriff (D:9)
  A yak (D:8)
  2 hogs (D:8)
  2 orc warriors
  Blork the orc (D:6)
  Dowan (D:6)
  A killer bee (D:8)
  An orc priest (D:9)
  A hound (D:7)
  An orc wizard (D:9)
  A bullfrog skeleton (D:4)
  An orc (D:7)
14 creatures vanquished.

Vanquished Creatures (others)
  An orc priest (D:7)
  A worker ant (D:8)
2 creatures vanquished.

Grand Total: 186 creatures vanquished

Notes
Turn   | Place    | Note
-------+----------+-------------------------------------------
     0 | D:1      | vishdafish the Demonspawn Fighter began the quest for the Orb.
     0 | D:1      | Reached XP level 1. HP: 18/18 MP: 1/1
   139 | D:1      | Gained mutation: You have a pair of small horns on your head. [demonic ancestry]
   139 | D:1      | Reached XP level 2. HP: 22/24 MP: 2/2
   818 | D:1      | Gained mutation: A weak demonic guardian rushes to your aid. [demonic ancestry]
   818 | D:1      | Reached XP level 3. HP: 25/29 MP: 3/3
  1251 | D:2      | Reached skill level 1 in Dodging
  1600 | D:3      | Reached XP level 4. HP: 23/35 MP: 4/4
  1754 | D:3      | Found a hide-covered altar of Uskayaw.
  1754 | D:3      | Found a sparkling altar of Nemelex Xobeh.
  1758 | D:3      | Became a worshipper of Nemelex Xobeh the Trickster
  1804 | D:3      | Received a gift from Nemelex Xobeh
  2154 | D:3      | Reached skill level 1 in Invocations
  2620 | D:4      | Noticed easystreet's ghost (novice DsMo)
  2638 | D:4      | Killed easystreet's ghost
  2638 | D:4      | Reached skill level 3 in Invocations
  2638 | D:4      | Reached XP level 5. HP: 31/42 MP: 4/7
  2638 | D:4      | Gained mutation: You have a pair of horns on your head. [demonic ancestry]
  2638 | D:4      | Reached XP level 6. HP: 35/48 MP: 4/8
  2754 | D:4      | Noticed Natasha
  2766 | D:4      | Killed Natasha
  2766 | D:4      | Reached skill level 4 in Invocations
  2805 | D:4      | Noticed Natasha
  2946 | D:4      | Noticed Menkaure
  2956 | D:4      | Killed Menkaure
  2956 | D:4      | Gained mutation: You have a pair of large horns on your head. [demonic ancestry]
  2956 | D:4      | Reached XP level 7. HP: 41/54 MP: 10/10
  3092 | D:4      | Received a gift from Nemelex Xobeh
  3108 | D:4      | Killed Natasha
  3244 | D:4      | Noticed Ijyb
  3259 | D:4      | Killed Ijyb
  3531 | D:5      | Entered Level 5 of the Dungeon
  3531 | D:5      | Reached * piety under Nemelex Xobeh
  3855 | D:5      | Reached skill level 5 in Invocations
  4163 | D:5      | Found a staircase to the Ecumenical Temple.
  4185 | D:5      | Reached skill level 5 in Long Blades
  4494 | D:6      | Noticed Duvessa
  4494 | D:6      | Noticed Dowan
  4511 | D:6      | Killed Duvessa
  4516 | D:6      | Killed Dowan
  4682 | D:6      | Reached XP level 8. HP: 52/61 MP: 12/12
  4763 | D:6      | Reached skill level 6 in Invocations
  5030 | D:6      | Reached ** piety under Nemelex Xobeh
  5620 | D:6      | Noticed Blork the orc
  5629 | D:6      | Killed Blork the orc
  5884 | D:6      | Received a gift from Nemelex Xobeh
  5977 | D:6      | Reached skill level 7 in Invocations
  6074 | D:7      | Gained mutation: A demonic guardian rushes to your aid. [demonic ancestry]
  6074 | D:7      | Reached XP level 9. HP: 51/66 MP: 14/14
  6311 | D:7      | Found Qiysaov's Gadget Shoppe.
  6725 | D:7      | Reached skill level 5 in Dodging
  6725 | D:7      | Reached skill level 8 in Invocations
  6982 | D:8      | Found Isusolom's Antique Armour Shop.
  6982 | D:8      | Found Huimniha's Jewellery Shop.
  6983 | D:8      | Found Tiakol's Armour Shop.
  6985 | D:8      | Found Kuobbuxt's Distillery.
  7217 | D:8      | Bought a potion of degeneration for 12 gold pieces
  7217 | D:8      | Bought a potion of lignification for 36 gold pieces
  7729 | D:8      | Reached skill level 9 in Invocations
  8314 | D:9      | Reached *** piety under Nemelex Xobeh
  8459 | D:9      | Gained mutation: You are partially covered in large bone plates. (SH +4) [demonic ancestry]
  8459 | D:9      | Reached XP level 10. HP: 67/73 MP: 17/17
  8649 | D:9      | Received a gift from Nemelex Xobeh
  8707 | D:9      | HP: 2/73 [vampire mosquito (3)]
  8713 | D:9      | Killed from afar by a smoke demon

Vault maps used:
D:1:      minmay_arrival_hallway, minmay_pentomino_o2
D:2:      cheibrodos_old_hovel, corexii_corridor_pit
D:3:      gammafunk_temple_overflow_elements
D:4:      first_bread, minmay_liquid_box, uniq_menkaure, uniq_natasha, uniq_ijyb
D:5:      minmay_temple_entry_statues_fountains
D:6:      nicolae_whirlpool, uniq_duvessa, uniq_blork_the_orc
D:7:      serial_shops, nicolae_shop_trees
D:8:      grunt_livestock, minmay_shop_grid_forest

Skill      XL: |  1  2  3  4  5  6  7  8  9 |
---------------+----------------------------+-----
Long Blades    | 2 3 4 5 6 7 |  7.4
Armour         | 3 4 |  4.8
Shields        | 3 4 |  4.8
Dodging        | 1 2 3 4 6 |  6.3
Invocations    | 3 4 5 7 9 |  9.6
Fighting       | 4 |  4.6

Action                   |  1- 3 |  4- 6 |  7- 9 | 10-12 || total
-------------------------+-------+-------+-------+-------++-------
Melee: Long sword        |   148 |    81 |   394 |    47 ||   670
       Headbutt          |    13 |    10 |    82 |    13 ||   118
Evoke: Deck              |       |     1 |     9 |     1 ||    11
       Wand              |       |       |     8 |       ||     8
  Use: Potion            |       |     2 |     2 |     3 ||     7
       Scroll            |       |       |    13 |       ||    13
 Stab: Distracted        |       |       |     4 |       ||     4
       Petrified         |       |       |    11 |       ||    11
       Petrifying        |       |       |     2 |       ||     2
  Eat: Chunk             |     2 |     3 |    10 |     2 ||    17
       Royal jelly       |       |     1 |       |       ||     1
       Bread ration      |       |       |     1 |       ||     1
       Fruit             |       |       |     2 |       ||     2
Armor: Scale mail        |    76 |    38 |   152 |    23 ||   289
Dodge: Dodged            |    43 |    24 |   131 |    24 ||   222
Block: Shield            |    72 |    51 |   216 |    75 ||   414
       Rpst.: Long sword |    13 |     7 |    36 |     8 ||    64

Table legend:
 A = Spawn XP
 B = Non-spawn XP
 C = Spawn XP percentage of total XP
 D = Spawn monster count
 E = Non-spawn monster count
 F = Spawn count percentage of total count
 G = Total turns spent on level
                    A         B        C        D         E        F      G
               +---------+---------+-------+---------+---------+-------+---------
         Total |       0 |    6221 |   0.0 |       0 |     186 |   0.0 |  8713
               +---------+---------+-------+---------+---------+-------+---------
           D:1 |       0 |      45 |   0.0 |       0 |      23 |   0.0 |  1004
           D:2 |       0 |      20 |   0.0 |       0 |      12 |   0.0 |   376
           D:3 |       0 |     107 |   0.0 |       0 |      27 |   0.0 |  1224
           D:4 |       0 |     700 |   0.0 |       0 |      12 |   0.0 |   927
           D:5 |       0 |     382 |   0.0 |       0 |      14 |   0.0 |   948
           D:6 |       0 |    1042 |   0.0 |       0 |      22 |   0.0 |  1515
           D:7 |       0 |    1152 |   0.0 |       0 |      29 |   0.0 |   881
           D:8 |       0 |    1561 |   0.0 |       0 |      24 |   0.0 |  1127
           D:9 |       0 |    1212 |   0.0 |       0 |      23 |   0.0 |   711
               +---------+---------+-------+---------+---------+-------+---------
